 Dungeon Crawl Stone Soup version 0.22-a0-362-g535178c (webtiles) character file.

4 Amnesiac the Grave Robber (level 1, -1/13 HPs)
             Began as a Mummy Necromancer on Apr 19, 2018.
             Slain by a quokka (3 damage)
             ... on level 2 of the Dungeon.
             The game lasted 00:00:45 (168 turns).

Amnesiac the Grave Robber (Mummy Necromancer)        Turns: 168, Time: 00:00:46

Health: -1/13      AC:  2    Str: 11    XL:     1   Next: 50%
Magic:  0/4        EV: 12    Int: 14    God:
Gold:   25         SH:  0    Dex: 12    Spells: 4/5 levels left

rFire    x . .     SeeInvis .   (no weapon)
rCold    + . .     Gourm    .   (no shield)
rNeg     + + +     Faith    .   a - +0 robe
rPois    ∞         Spirit   .   (no helmet)
rElec    .         Reflect  .   (no cloak)
rCorr    .         Harm     .   (no gloves)
MR       .....                  (no boots)
Stlth    ++........             (no amulet)
HPRegen  0.04/turn              (no ring)
MPRegen  0.09/turn              (no ring)

@: no status effects
A: no food or potions, fire vulnerability, cold resistance 1, negative energy
resistance 3, torment resistance, unbreathing
a: no special abilities


You were on level 2 of the Dungeon.
You were not hungry.

You visited 1 branch of the dungeon, and saw 2 of its levels.

You collected 25 gold pieces.

Inventory:

Armour
 a - a +0 robe (worn)


   Skills:
 + Level 0.2 Fighting
 * Level 1.7 Dodging
 - Level 1.5 Stealth
 + Level 2.8 Spellcasting
 + Level 4.0 Necromancy


You had 4 spell levels left.
You knew the following spells:

 Your Spells              Type           Power        Failure   Level  Hunger
a - Pain                  Necr           ##..         4%          1    N/A

Dungeon Overview and Level Annotations

Branches:
Dungeon (2/15)

Altars:


Innate Abilities, Weirdness & Mutations

You do not eat or drink.
Your flesh is vulnerable to fire.
You are immune to poison.
Your flesh is cold resistant. (rC+)
You are immune to negative energy. (rN+++)
You are immune to unholy pain and torment.
You can survive without breathing.


Message History

You see here 14 gold pieces.
Casting: Pain (safe; 4% risk of failure)
Confirm with . or Enter, or press ? or * to list all spells.
Aiming: Pain (safe; 4% risk of failure)
Press: ? - help, Shift-Dir - straight line, f - quokka
Aim: a quokka (resting, chance to defeat MR: 83%)
The quokka writhes in agony!
Casting: Pain (safe; 4% risk of failure)
Confirm with . or Enter, or press ? or * to list all spells.
Aiming: Pain (safe; 4% risk of failure)
Press: ? - help, Shift-Dir - straight line, f/p - quokka
Aim: a quokka (heavily wounded, chance to defeat MR: 83%)
The quokka barely resists.
Casting: Pain (safe; 4% risk of failure)
Confirm with . or Enter, or press ? or * to list all spells.
Aiming: Pain (safe; 4% risk of failure)
Press: ? - help, Shift-Dir - straight line, f/p - quokka
Aim: a quokka (heavily wounded, chance to defeat MR: 83%)
The quokka writhes in agony!
Casting: Pain (safe; 4% risk of failure)
Confirm with . or Enter, or press ? or * to list all spells.
You don't have enough magic to cast that spell.
Casting: Pain (safe; 4% risk of failure)
Confirm with . or Enter, or press ? or * to list all spells.
You don't have enough magic to cast that spell.
You miss the quokka.
The quokka is severely wounded.
The quokka bites you.
You completely miss the quokka.
The quokka is severely wounded.
The quokka bites you. x2
* * * LOW HITPOINT WARNING * * *
Casting: Pain (safe; 4% risk of failure)
Confirm with . or Enter, or press ? or * to list all spells.
You don't have enough magic to cast that spell.
Casting: Pain (safe; 4% risk of failure)
Confirm with . or Enter, or press ? or * to list all spells.
You don't have enough magic to cast that spell.
You hit the quokka.
The quokka is almost dead.
The quokka barely misses you.
Casting: Pain (safe; 4% risk of failure)
Confirm with . or Enter, or press ? or * to list all spells.
You don't have enough magic to cast that spell.
Casting: Pain (safe; 4% risk of failure)
Confirm with . or Enter, or press ? or * to list all spells.
You don't have enough magic to cast that spell.
You see here a kobold corpse.
Casting: Pain (safe; 4% risk of failure)
Confirm with . or Enter, or press ? or * to list all spells.
Aiming: Pain (safe; 4% risk of failure)
Press: ? - help, Shift-Dir - straight line, f/p - quokka
Aim: a quokka (severely wounded, chance to defeat MR: 83%)
The quokka barely resists.
The quokka bites you but does no damage.
The quokka bites you.
* * * LOW HITPOINT WARNING * * *
Casting: Pain (safe; 4% risk of failure)
Confirm with . or Enter, or press ? or * to list all spells.
You don't have enough magic to cast that spell.
You closely miss the quokka.
The quokka is heavily wounded.
The quokka bites you.
You die...

#...
...##
....
..###
#.#..
#$#.#
#.#.#
#r#.####
#@#....#
#.#....#
#..<#..#
###.#..#
#.#..#
#.#..#
#.#..#
#.#..#
#.#..#


You could see a quokka.

Vanquished Creatures
  A goblin (D:1)
  A kobold (D:2)
  A bat (D:1)
  A rat (D:1)
4 creatures vanquished.

Notes
Turn   | Place    | Note
-------+----------+-------------------------------------------
     0 | D:1      | Amnesiac the Mummy Necromancer began the quest for the Orb.
     0 | D:1      | Reached XP level 1. HP: 13/13 MP: 4/4
   168 | D:2      | Slain by a quokka

Vault maps used:
D:1:      tarquinn_simple_flora_water_e
D:2:      uniq_sigmund

Action                   || total
-------------------------++-------
Melee: Unarmed           ||     4
 Cast: Pain              ||    10
Armor: Robe              ||     1
Dodge: Dodged            ||     1

Table legend:
 A = Spawn XP
 B = Non-spawn XP
 C = Spawn XP percentage of total XP
 D = Spawn monster count
 E = Non-spawn monster count
 F = Spawn count percentage of total count
 G = Total turns spent on level
                    A         B        C        D         E        F      G
               +---------+---------+-------+---------+---------+-------+---------
         Total |       0 |       6 |   0.0 |       0 |       4 |   0.0 |   168
               +---------+---------+-------+---------+---------+-------+---------
           D:1 |       0 |       4 |   0.0 |       0 |       3 |   0.0 |   138
           D:2 |       0 |       2 |   0.0 |       0 |       1 |   0.0 |    30
               +---------+---------+-------+---------+---------+-------+---------
